 Dungeon Crawl Stone Soup version 0.30.0-29-ga12c61a403 (webtiles) character file.

Game seed: 520556236078072092

44 monsoonserge the Trooper (level 3, -9/29 HPs)
             Began as a Demonspawn Monk on June 15, 2023.
             Was a Believer of Trog.
             Killed by nerve-wracking pain
             ... invoked by an orc priest
              (10 damage)
             ... on level 3 of the Dungeon.
             The game lasted 00:04:28 (1663 turns).

monsoonserge the Trooper (Demonspawn Monk)          Turns: 1663, Time: 00:04:29

Health: -9/29      AC:  6    Str: 11    XL:     3   Next: 39%
Magic:  3/3        EV: 14    Int: 11    God:    Trog [**....]
Gold:   94         SH:  0    Dex: 17    Spells: 2/2 levels left

rFire   . . .        a - +0 falchion
rCold   . . .        (no shield)
rNeg    . . .        i - +0 scale mail
rPois   .            (helmet restricted)
rElec   .            (no cloak)
rCorr   .            (no gloves)
SInv    .            (no boots)
Will    .....        (no amulet) Stlth
                     f - +5 ring of evasion
HPRegen 0.24/turn    (no ring)
MPRegen 0.08/turn

%: no passive effects
@: on berserk cooldown, slowed, very slow
A: antennae 1, demonic touch 1
a: Renounce Religion, Berserk, Trog's Hand


You were on level 3 of the Dungeon.
You worshipped Trog.
Trog was pleased with you.
You visited 1 branch of the dungeon, and saw 3 of its levels.

You collected 94 gold pieces.

Inventory:

Hand Weapons
 a - a +0 falchion (weapon)
Missiles
 b - 7 poisoned darts
 e - 2 javelins (quivered)
Armour
 d - an orb of light
 i - a +0 scale mail (worn)
Jewellery
 f - a +5 ring of evasion (left hand)
Scrolls
 g - a scroll of enchant armour {unknown}
 h - a scroll of amnesia {unknown}
 j - a scroll of brand weapon {unknown}
 k - a scroll of vulnerability {unknown}
 l - 2 scrolls of fog {unknown}
 n - a scroll of identify {unknown}
Potions
 c - a potion of ambrosia
 m - a potion of berserk rage {unknown}


   Skills:
 + Level 3.6 Fighting
 + Level 3.2 Long Blades
 + Level 0.3 Armour
 + Level 3.1 Dodging


You had 2 spell levels left.
You didn't know any spells.
Your spell library contained the following spells:

 Spells                   Type           Power      Damage    Failure   Level
 Cigotuvi's Dreadful Rot  Necr/Pois/Air  0%         N/A       97%         2
 Ignite Poison            Fire/Tmut/Pois 0%         N/A       100%        3
 Freezing Cloud           Conj/Ice/Air   0%         6-21      100%        5


Dungeon Overview and Level Annotations

Branches:
Dungeon (3/15)

Altars:
Trog


Innate Abilities, Weirdness & Mutations

You have a pair of small antennae on your head.
Your touch may inflict minor irresistible damage on your foes.


Message History

You see here 6 stones.
You see here 6 stones.
An orc and an orc wizard come into view.
The orc wizard shouts!
An orc and an orc priest come into view.
Found a pair of gloves.
The orc priest shouts!
The orc priest invokes the aid of Beogh against you.
Pain shoots through your body!
An orc priest comes into view. It is wielding a +0 falchion.
A red film seems to cover your vision as you go berserk!
You feel yourself moving faster!
You feel mighty!
The orc wizard points at you and mumbles some strange words.
You are confused.
You feel a strong urge to attack something.
You feel your anger nearly subside.
You are no longer berserk.
You are exhausted.
You feel yourself slow down. The orc barely misses you.
Okay, then.
You barely miss the orc priest.
You touch the orc priest.
The orc priest is heavily wounded.
You feel less confused.
The orc priest invokes the aid of Beogh against you.
Beogh smites you!
Ouch! That really hurt!
* * * LOW HITPOINT WARNING * * *
The orc wizard casts a spell at you. You resist with significant effort.
The orc priest looks encouraged for a moment.
You closely miss the orc priest.
You touch the orc priest!
You kill the orc priest!
Trog accepts your kill.
The orc wizard gestures wildly while chanting.
The orc wizard flickers and vanishes!
Deactivating autopickup; reactivate with Ctrl-A.
The orc priest mumbles some strange prayers to Beogh against you.
Pain shoots through your body!
You die...

#..##..##.#...........#
.#........#...........#
..#...###.#.#.###.###.#
#..#........#.#...# #(#
#...#.###.###.#.#####.#
.....## #.# #.#.......#
.....# #.###.#########
.....# #.#......#
.....# #.#...o{@#
.....## ###....o)#
......# #..?...#
......# #....o.#
...##..# #?.....# ...#
#.. #......# ...#
...#.#### ...# ##[..#
...#### ##..#


You could see an orc priest and 2 orcs.

Vanquished Creatures
  An orc priest (D:3)
  Terence (D:2)
  A ball python (D:2)
  An endoplasm (D:1)
  2 giant cockroaches
  2 goblins (D:1)
  4 hobgoblins
  2 kobolds (D:1)
  A bat (D:1)
  2 frilled lizards
  A rat (D:2)
18 creatures vanquished.

Notes
Turn   | Place    | Note
-------+----------+-------------------------------------------
     0 | D:1      | monsoonserge the Demonspawn Monk began the quest for the
                  | Orb.
     0 | D:1      | Reached XP level 1. HP: 18/18 MP: 1/1
   231 | D:1      | Found a faded altar of an unknown god.
   287 | D:1      | Prayed at the altar of an unknown god.
   287 | D:1      | Became a worshipper of Trog the Wrathful
   287 | D:1      | Reached * piety under Trog
   287 | D:1      | Reached ** piety under Trog
   354 | D:1      | Discovered your monstrous ancestry.
   354 | D:1      | Gained mutation: You have a pair of small antennae on your
                  | head. [demonic ancestry]
   354 | D:1      | Reached XP level 2. HP: 24/24 MP: 2/2
   606 | D:1      | Reached *** piety under Trog
  1149 | D:2      | Noticed Terence
  1163 | D:2      | Killed Terence
  1164 | D:2      | Gained mutation: Your touch may inflict minor irresistible
                  | damage on your foes. [demonic ancestry]
  1164 | D:2      | Reached XP level 3. HP: 21/29 MP: 3/3
  1662 | D:3      | HP: 1/29 [orc priest/divine providence (16)]
  1663 | D:3      | Killed from afar by an orc priest

Illustrated notes

Levels and vault maps discovered:
D:1:      scummos_arrival_gate, layout_loops_ring,
          chequers_ecumenical_altar_island
D:2:      layout_basic, hangedman_abyss_or_decor_stabs,
          hangedman_decor_clover_reticule, uniq_terence
D:3:      layout_basic, grunt_ministairs_2, minivault_26

Skill      XL: |  1  2 |
---------------+-------+-----
Long Blades    | 3 |  3.2
Dodging        | 3 |  3.1
Fighting       | |  3.6
Armour         | |  0.3

Action                     || total
---------------------------++-------
  Melee: Falchion          ||    57
         Touch             ||     3
 Invoke: Berserk           ||     2
 Armour: Robe              ||     3
         Scale mail        ||     7
  Dodge: Dodged            ||    40
